AoeStats
← schmeno

Arabia

506510416Analyzed
1v1 RM · 20d ago on Sep 13, 2026· 39m 36s· 2 players
Game mode
Random Map
Map size
Tiny (2 player)
Population
200
Speed
Normal
Resources
Standard
Victory
Conquest
Starting age
Dark Age
Ending age
Imperial Age
RankedLock teamsTeams togetherTeam positionsShared explorationLock speedFull tech treeHidden civsTurbo modeCheats
Victory
Defeat
🇦🇷 Gurjaras · Argentina
1253
+15
🇺🇸 Saracens · United States
1227
-15
schmeno
6:10 Loom
8:41 Feudal Age
9:08 Double-Bit Axe
13:02 Horse Collar
16:51 Padded Archer Armor
21:12 Castle Age
19:47 Padded Archer Armor
21:02 Fletching
21:16 Elite Skirmisher
22:47 Bow Saw
24:28 Bloodlines
24:26 Scale Barding Armor
27:14 Gold Mining
28:07 Town Watch
29:04 Wheelbarrow
29:13 Forging
32:05 Redemption
33:07 Thumb Ring
33:55 Ballistics
33:47 Bodkin Arrow
36:41 Imperial Age
34:52 Bodkin Arrow
36:13 Leather Archer Armor
37:27 Bracer
38:05 Heavy Camel Rider
39:22 Iron Casting
39:43 Sanctity
Forajido
0:59 Loom
8:55 Feudal Age
9:47 Double-Bit Axe
12:40 Fletching
15:55 Padded Archer Armor
21:11 Castle Age
19:55 Scale Barding Armor
19:33 Horse Collar
20:03 Gold Mining
21:01 Bloodlines
21:22 Crossbowman
22:00 Bodkin Arrow
27:50 Wheelbarrow
27:46 Town Watch
29:02 Devotion
31:51 Redemption
35:07 Imperial Age
34:46 Scale Mail Armor
35:06 Bow Saw
36:23 Heavy Camel Rider
39:05 Husbandry
39:17 Forging
39:28 Chain Barding Armor
Connection lost

Rejoining the realm…

Still unreachable

The connection could not be restored.

Session expired

The server has moved on; the page needs a fresh start.